AoeStats
← normton

Arena

507946375Analyzed
3v3 RM · 10d ago on Sep 20, 2026· 72m 53s· 6 players
Game mode
Random Map
Map size
Normal (6 player)
Population
200
Speed
Normal
Resources
Standard
Victory
Conquest
Starting age
Dark Age
Ending age
Imperial Age
RankedLock teamsTeams togetherTeam positionsShared explorationLock speedFull tech treeHidden civsTurbo modeCheats
Victory
Defeat
🇪🇸 Bohemians · Spain
783
+16
🇨🇿 Magyars · Czechia
722
+18
🇱🇧 Britons · Lebanon
694
+19
🇩🇪 Byzantines · Germany
847
-21
🇩🇪 Turks · Germany
834
-20
🇩🇪 Japanese · Germany
627
-12
#iNFANTES6#
10:42 Feudal Age
16:17 Castle Age
14:53 Double-Bit Axe
14:50 Horse Collar
22:01 Town Watch
22:48 Fervor
23:11 Heavy Plow
24:45 Wheelbarrow
26:10 Sanctity
26:31 Loom
27:39 Hand Cart
28:45 Pikeman
31:59 Imperial Age
29:43 Forging
29:34 Scale Mail Armor
31:22 Squires
32:29 Redemption
33:20 Hussite Reforms
34:24 Chemistry
33:34 Siege Engineers
34:00 Bow Saw
34:22 Conscription
34:21 Block Printing
34:47 Theocracy
33:41 Halberdier
35:45 Illumination
36:40 Ballistics
37:43 Iron Casting
37:23 Chain Mail Armor
38:09 Wagenburg Tactics
37:54 Arson
38:01 Fletching
38:19 Houfnice
40:26 Blast Furnace
56:57 Plate Mail Armor
55:51 Elite Hussite Wagon
Bassem Kh
11:43 Feudal Age
17:34 Castle Age
19:06 Forging
18:52 Double-Bit Axe
22:43 Scale Mail Armor
23:21 Fletching
23:52 Padded Archer Armor
23:43 Horse Collar
24:48 Heavy Plow
26:17 Arson
26:20 Pikeman
27:43 Squires
28:19 Leather Archer Armor
29:33 Iron Casting
29:43 Bow Saw
29:30 Gambesons
30:42 Chain Mail Armor
30:37 Bodkin Arrow
32:41 Ballistics
35:57 Imperial Age
35:05 Yeomen
34:44 Gold Mining
34:45 Stone Mining
36:08 Elite Longbowman
38:02 Blast Furnace
38:41 Gold Shaft Mining
38:53 Ring Archer Armor
40:03 Wheelbarrow
40:21 Plate Mail Armor
41:17 Chemistry
41:58 Bracer
41:21 Halberdier
TheRubysan
9:29 Loom
11:30 Feudal Age
21:10 Castle Age
33:22 Horse Collar
33:31 Double-Bit Axe
35:16 Heavy Plow
37:55 Imperial Age
36:11 Bow Saw
35:55 Gold Mining
35:58 Fletching
36:09 Padded Archer Armor
38:00 Wheelbarrow
38:04 Gold Shaft Mining
37:23 Stone Mining
37:53 Caravan
38:10 Thumb Ring
38:35 Ballistics
38:20 Bodkin Arrow
38:40 Leather Archer Armor
38:31 Scale Barding Armor
38:21 Heavy Cavalry Archer
39:05 Recurve Bow
39:40 Parthian Tactics
40:19 Conscription
40:36 Bloodlines
40:27 Husbandry
39:53 Light Cavalry
41:11 Corvinian Army
42:11 Ring Archer Armor
41:42 Bracer
43:58 Two-Man Saw
43:32 Crop Rotation
43:38 Chain Barding Armor
45:01 Chemistry
44:14 Masonry
44:00 Murder Holes
44:10 Siege Engineers
51:08 Hand Cart
52:38 Elite Magyar Huszar
53:55 Hoardings
54:03 Hussar
57:39 Town Watch
57:59 Treadmill Crane
normton
2:32 Loom
16:38 Feudal Age
21:12 Horse Collar
21:42 Double-Bit Axe
23:33 Wheelbarrow
33:05 Castle Age
33:51 Scale Barding Armor
33:47 Scale Mail Armor
34:00 Forging
33:54 Padded Archer Armor
33:46 Fletching
34:24 Arson
34:04 Man-at-Arms
35:27 Light Cavalry
36:09 Husbandry
36:20 Bloodlines
37:17 Chain Barding Armor
37:33 Iron Casting
37:15 Chain Mail Armor
37:18 Leather Archer Armor
37:21 Bow Saw
37:17 Heavy Plow
37:21 Gold Mining
37:24 Stone Mining
37:43 Squires
37:29 Gambesons
39:48 Hand Cart
40:57 Bodkin Arrow
40:38 Pikeman
51:12 Treadmill Crane
51:44 Fortified Wall
54:43 Imperial Age
SteaK
12:28 Feudal Age
14:41 Double-Bit Axe
14:44 Horse Collar
15:21 Gold Mining
18:17 Castle Age
22:55 Imperial Age
20:43 Bow Saw
22:20 Heavy Plow
22:59 Gold Shaft Mining
23:34 Caravan
29:15 Stone Mining
30:52 Two-Man Saw
33:00 Guilds
33:01 Padded Archer Armor
32:51 Fletching
33:07 Scale Barding Armor
33:13 Forging
33:03 Scale Mail Armor
32:52 Treadmill Crane
33:07 Murder Holes
35:54 Loom
36:45 Wheelbarrow
35:55 Town Watch
38:00 Bombard Tower
37:52 Fortified Wall
38:06 Leather Archer Armor
37:46 Bodkin Arrow
38:27 Iron Casting
38:08 Chain Mail Armor
38:13 Chain Barding Armor
38:29 Ballistics
40:23 Husbandry
40:34 Bloodlines
39:44 Heavy Camel Rider
43:35 Plate Barding Armor
44:01 Blast Furnace
43:01 Bracer
43:32 Ring Archer Armor
46:20 Artillery
46:08 Arrowslits
46:35 Masonry
56:47 Plate Mail Armor
61:54 Architecture
64:10 Hand Cart
63:56 Town Patrol
Calli Caliente
12:36 Feudal Age
14:18 Horse Collar
14:29 Double-Bit Axe
17:08 Castle Age
18:14 Bow Saw
22:00 Pikeman
22:51 Scale Mail Armor
22:58 Heavy Plow
22:53 Gold Mining
26:28 Imperial Age
27:57 Chain Mail Armor
29:03 Chemistry
28:52 Crop Rotation
30:03 Elite Skirmisher
30:49 Thumb Ring
30:38 Fletching
35:54 Two-Man Saw
35:29 Plate Mail Armor
34:54 Bodkin Arrow
36:13 Bombard Tower
37:38 Gold Shaft Mining
36:55 Stone Mining
39:03 Ballistics
38:30 Treadmill Crane
40:41 Bracer
40:51 Forging
41:20 Wheelbarrow
40:30 Loom
41:25 Stone Shaft Mining
40:23 Halberdier
41:04 Squires
Connection lost

Rejoining the realm…

Still unreachable

The connection could not be restored.

Session expired

The server has moved on; the page needs a fresh start.